 Dungeon Sprint DCSS version 0.21.1-1-g345015f (webtiles) character file.

471 Fang the Cleaver (level 7, 0/76 HPs)
             Began as a Gargoyle Berserker on July 23, 2018.
             Was a High Priest of Trog.
             Slain by a freezing wraith (17 damage)
             ... in the Dungeon (Sprint VII: "The Pits").
             The game lasted 00:02:32 (570 turns).

Fang the Cleaver (Gargoyle Berserker)                Turns: 570, Time: 00:02:33

Health: 0/76       AC:  7    Str: 28    XL:     7   Next: 9%
Magic:  7/7        EV: 14    Int:  7    God:    Trog [*****.]
Gold:   0          SH:  0    Dex:  9    Spells: 6/6 levels left

rFire    . . .     SeeInvis .   o - +1 broad axe (venom)
rCold    . . .     Gourm    .   (no shield)
rNeg     + . .     Faith    .   b - +0 animal skin
rPois    ∞         Spirit   .   (no helmet)
rElec    +         Reflect  .   (no cloak)
rCorr    .         Harm     .   (no gloves)
MR       .....     NoTele   +   (no boots)
Stlth    ..........             (no amulet)
HPRegen  0.22/turn              (no ring)
MPRegen  0.10/turn              (no ring)

@: berserking, slowed
A: negative energy resistance 1, electricity resistance, unbreathing,
petrification resistance, rot immunity, AC +4
a: Berserk, Trog's Hand, Brothers in Arms, Burn Spellbooks, Renounce Religion


You were in the Dungeon.
You worshipped Trog.
Trog was extremely pleased with you.
You were hungry.

You visited 1 branch

Inventory:

Hand Weapons
 j - a +2 hand axe
 n - a +1 hand axe of freezing
 o - a +1 broad axe of venom (weapon)
Armour
 b - a +0 animal skin (worn)
Scrolls
 i - a scroll of blinking
 k - 3 scrolls of remove curse
 l - a scroll of summoning
Potions
 a - 2 potions of invisibility
 d - 6 potions of curing
 e - 4 potions of heal wounds
 f - a potion of haste
 g - 4 potions of magic
 h - 3 potions of berserk rage
Comestibles
 c - 9 rations
 m - 5 chunks of flesh


   Skills:
 + Level 9.5 Fighting
 + Level 9.8 Axes
 + Level 4.0 Armour
 + Level 5.0 Dodging
 + Level 1.0 Stealth


You had 6 spell levels left.
You didn't know any spells.

Dungeon Overview and Level Annotations

Branches:
Dungeon (1/1)

Altars:
Cheibriados
Dithmenos
Elyvilon
Fedhas
Gozag
Hepliaklqana
Makhleb
Nemelex Xobeh
Okawaru
Qazlal
Ru
Sif Muna
Trog
Vehumet
Wu Jian
Xom
Yredelemnul
Zin
The Shining One
Beogh
Jiyva
Lugonu


Innate Abilities, Weirdness & Mutations

You are resistant to torment.
Your stone body is resilient. (AC +4)
You are immune to poison.
You resist negative energy. (rN+)
You are resistant to electric shocks. (rElec)
You can survive without breathing.
You are immune to petrification.
You are immune to rotting.


Message History

The freezing wraith is moderately damaged.
The freezing wraith hits you. The freezing wraith freezes you!
* * * LOW HITPOINT WARNING * * *
The freezing wraith hits you.
* * * LOW HITPOINT WARNING * * *
You are too injured to fight recklessly!
You are too injured to fight recklessly!
You are too injured to fight recklessly!
You are too injured to fight recklessly!
Wield which item (- for none, * to show all)? (? for menu, Esc to quit)
Okay, then.
A red film seems to cover your vision as you go berserk!
You feel yourself moving faster!
You feel mighty!
You are feeling hungry.
The freezing wraith hits you but does no damage.
The freezing wraith completely misses you.
The freezing wraith hits you.
* * * LOW HITPOINT WARNING * * *
The freezing wraith freezes you!
You die...

#.#........##.......#
#(###########.......#
#.......# #########
#.......# #...#...#
#..###..#+#
#...#...#.+
#.......#W#
#.......'@#
###########


You could see a freezing wraith.

Vanquished Creatures
  A phantom (D)
  A big kobold (D)
  2 bullfrogs (D)
  An iron imp (D)
  An orc priest (D)
  An iguana (D)
  2 orc wizards (D)
  A worker ant (D)
  An adder (D)
  A worm (D)
  An orc (D)
  A giant cockroach (D)
  2 hobgoblins (D)
  4 jackals (D)
  A kobold (D)
  A frilled lizard (D)
22 creatures vanquished.

Notes
Turn   | Place    | Note
-------+----------+-------------------------------------------
     0 | D        | Fang the Gargoyle Berserker began the quest for the Orb.
     0 | D        | Reached XP level 1. HP: 14/14 MP: 1/1
    18 | D        | Reached XP level 2. HP: 15/20 MP: 2/2
   100 | D        | Found a bloodstained altar of Trog.
   100 | D        | Found a deep blue altar of Sif Muna.
   100 | D        | Found a viscous altar of Jiyva.
   100 | D        | Found a hazy altar of Hepliaklqana.
   100 | D        | Found an opulent altar of Gozag.
   101 | D        | Found a glowing golden altar of the Shining One.
   101 | D        | Found a glowing silver altar of Zin.
   101 | D        | Found a basalt altar of Yredelemnul.
   101 | D        | Found a shimmering altar of Xom.
   101 | D        | Found an ornate altar of the Wu Jian Council.
   101 | D        | Found a sacrificial altar of Ru.
   101 | D        | Found a stormy altar of Qazlal.
   101 | D        | Found an iron altar of Okawaru.
   101 | D        | Found a sparkling altar of Nemelex Xobeh.
   101 | D        | Found a burning altar of Makhleb.
   101 | D        | Found a blossoming altar of Fedhas.
   101 | D        | Found a white marble altar of Elyvilon.
   101 | D        | Found a shadowy altar of Dithmenos.
   101 | D        | Found a snail-covered altar of Cheibriados.
   103 | D        | Found a radiant altar of Vehumet.
   103 | D        | Found a corrupted altar of Lugonu.
   103 | D        | Found a roughly hewn altar of Beogh.
   148 | D        | Reached ** piety under Trog
   152 | D        | Reached skill level 5 in Fighting
   152 | D        | Reached XP level 3. HP: 22/26 MP: 3/3
   275 | D        | Reached *** piety under Trog
   293 | D        | Reached **** piety under Trog
   296 | D        | Reached skill level 5 in Axes
   296 | D        | Reached XP level 4. HP: 32/32 MP: 4/4
   391 | D        | Noticed a bullfrog
   392 | D        | Noticed a bullfrog
   392 | D        | Noticed a big kobold
   407 | D        | Killed a bullfrog
   407 | D        | Reached XP level 5. HP: 22/37 MP: 5/5
   415 | D        | Killed a big kobold
   415 | D        | Reached XP level 6. HP: 27/44 MP: 6/6
   418 | D        | Reached ***** piety under Trog
   497 | D        | Received a gift from Trog
   508 | D        | HP: 1/46 [worm (8)]
   557 | D        | Noticed a phantom
   562 | D        | Killed a phantom
   562 | D        | Reached skill level 5 in Dodging
   562 | D        | Reached skill level 1 in Stealth
   562 | D        | Reached XP level 7. HP: 51/51 MP: 7/7
   565 | D        | Noticed a freezing wraith
   570 | D        | Slain by a freezing wraith

Skill      XL: |  1  2  3  4  5  6 |
---------------+-------------------+-----
Fighting       | 4 5 6 8 9 |  9.5
Axes           | 3 4 5 6 8 9 |  9.8
Dodging        | 2 3 4 5 |  5.0
Armour         | 3 4 |  4.0
Stealth        | 1 |  1.0

Action                   |  1- 3 |  4- 6 |  7- 9 || total
-------------------------+-------+-------+-------++-------
Melee: Hand axe          |    34 |    39 |       ||    73
       Broad axe         |       |     5 |     4 ||     9
Invok: Berserk           |     2 |     2 |     1 ||     5
  Use: Potion            |       |     2 |       ||     2
  Eat: Chunk             |       |     3 |       ||     3
Armor: Animal skin       |    19 |    14 |     3 ||    36
Dodge: Dodged            |    30 |    15 |     7 ||    52
